Unix NetHack Version 5.0.0-0 post-release - last build Jul 19 2026 19:10:59 (3aa4ab31751d3886436d94b585a96704892fd477,branch:main).

Game began 2026-07-30 14:40:27, ended 2026-07-30 15:15:11.

ChoHag, chaotic female human Rogue

                                                     -------
                                                    --.....|
                                                   |...--..|
                                |.....--------  ---|.--  -.|
                                |..........*..||...|.|   |.|
                                --@)..........--..|..|   |.|
                                 ---    -----.....|.--   |.|
                                           --..----.|    |.|
                                          |.`...--..|    |.---
                                         --.........|    |....
                                         |...`-------    -----
                                         --...---
                                          |.....|.
                                      -----........|
                                     --.--........).
                                     |.............-
                                     |.........  ---
                                     ---.. -..

ChoHag the Footpad      St:25 Dx:16 Co:13 In:9 Wi:11 Ch:14  Chaotic S:496
Dlvl:9  $:54 HP:0(13) Pw:1(1) AC:0  Xp:1/8 T:1889 

Latest messages:
 What do you want to call? [deg-jlnoqsANQ-TX or ?*] X
 Call a zinc wand: cold
 You descend the stairs.
 You climb up the stairs.
 You remember this level as vault 1814.
 You find a hidden door.
 In what direction? h
 The door opens.
 You descend the stairs.
 You hear a chugging sound.
 A trap door opens up under you!
 You fall down a very deep shaft!
 Are you sure you want to pray? [yn] (n) y
 You begin praying to Kos.
 You are surrounded by a shimmering light.
 You finish your prayer.
 You feel that Kos is well-pleased.
 You feel much better.
 The gnome lord just misses!
 You are hit by a dagger.
 The gnome hits!
 The gnome misses!
 You are hit by a rock.
 The hobbit swings his sling.
 The hobbit misses!
 You hear crashing rock.
 The gnome lord hits!
 You are hit by a dagger.
 You learn more about your items by comparing them.
 f - a +0 dagger (alternate weapon; not wielded) (16 in total).
 What do you want to write with? [- ae-gijmKLQSU-X or ?*] -
 You write in the dust with your fingertip.
 What do you want to write in the dust here? Elbereth
 The gnome turns to flee.
 The gnome turns to flee.
 What do you want to write with? [- ae-gijmKLQSU-X or ?*] -
 You write in the dust with your fingertip.
 What do you want to write in the dust here? Elbereth
 The dwarf just misses!
 The gnome hits!
 What do you want to write with? [- ae-gijmKLQSU-X or ?*] -
 Do you want to add to the current engraving? [ynq] (y) n
 You wipe out the message that was written in the dust here.
 You write in the dust with your fingertip.
 What do you want to write in the dust here? Elbereth
 The gnome misses!
 The gnome misses!
 A crossbow bolt misses you.
 You are hit by a crossbow bolt!
 You die...

Inventory:
 Coins    ('$')
  $ - 54 gold pieces
 Amulets  ('"')
  d - an uncursed amulet versus poison (being worn)
 Weapons  (')')
  a - a +0 short sword (weapon in right hand)
  f - 16 +0 daggers (alternate weapons; not wielded)
  m - 44 +0 arrows
  K - 2 +0 orcish daggers
  U - 37 +0 darts
  V - a +1 dart
  W - 2 poisoned +0 darts
 Armor    ('[')
  u - an uncursed +0 pair of gauntlets of power (being worn)
  w - an uncursed +0 pair of speed boots (being worn)
  A - an uncursed +0 helm of brilliance (being worn)
  H - a blessed +4 studded leather armor (being worn)
 Comestibles  ('%')
  P - an uncursed lembas wafer
 Scrolls  ('?')
  l - an uncursed scroll of identify
  o - an uncursed scroll of destroy armor
  q - a blessed scroll of gold detection
  T - an uncursed scroll of teleportation
 Potions  ('!')
  h - 2 blessed potions of healing
  s - an uncursed potion of gain energy
  N - an uncursed potion of speed
  O - an uncursed potion of sickness
  R - 2 uncursed potions of healing
 Wands    ('/')
  L - a blessed wand of secret door detection (0:14)
  X - a wand of cold (0:5)
 Tools    ('(')
  b - an empty uncursed sack
  k - an uncursed lock pick
  n - a cursed skeleton key
  M - a cursed brass lantern
 Gems/Stones  ('*')
  e - an uncursed aquamarine stone
  g - an uncursed worthless piece of red glass
  i - 2 uncursed worthless pieces of black glass
  j - an uncursed worthless piece of orange glass
  Q - an uncursed agate stone
  S - an uncursed worthless piece of yellow glass

ChoHag the Rogue's attributes:

Background:
 You were a Footpad, a level 1 female human Rogue.
 You were chaotic, on a mission for Kos
 who was opposed by Issek (lawful) and Mog (neutral).
 You were right-handed.
 You were in the Gnomish Mines, on level 9.
 You entered the dungeon 1889 turns ago.
 There was a full moon in effect when your adventure ended.
 You had 8 experience points, 12 more were needed to attain level 2.
 Your score was 496 before end-of-game adjustments.

Basics:
 You had 0 out of 13 hit points.
 You had 1 out of 1 energy points (spell power).
 Your armor class was 0.
 Your wallet contained 54 zorkmids.
 Autopickup was on for '$!/?"+=' plus thrown.

Final Characteristics:
 Your strength was 25 (base:14, innate limit:18/100).
 Your dexterity was 16 (limit:18).
 Your constitution was 13 (limit:18).
 Your intelligence was 9 (limit:18).
 Your wisdom was 11 (limit:18).
 Your charisma was 14 (limit:18).

Final Status:
 You weren't hungry.
 You were unencumbered.
 You were wielding a short sword.
 You had basic skill with short sword.

Final Attributes:
 You were devoutly aligned.
 You were poison resistant.
 You were stealthy.
 You were warded.
 You were very fast.
 You were lucky.
 You are dead.

Miscellaneous:
 You didn't encounter any bones levels.
 Total elapsed playing time was 34 minutes and 31 seconds.

Major events:
 Turn
    1: ChoHag the chaotic female human Rogue entered the dungeon
 1774: entered the Gnomish Mines
 1889: killed by a crossbow bolt

You didn't know any spells.

Skills:
 Fighting Skills
   bare handed combat [Unskilled]
   two weapon combat  [Unskilled]
   riding             [Unskilled]
 Weapon Skills
   dagger             [Basic]
   knife              [Unskilled]
   short sword        [Basic]
   broadsword         [Unskilled]
   long sword         [Unskilled]
   two-handed sword   [Unskilled]
   saber              [Unskilled]
   club               [Unskilled]
   mace               [Unskilled]
   morning star       [Unskilled]
   flail              [Unskilled]
   hammer             [Unskilled]
   polearms           [Unskilled]
   spear              [Unskilled]
   crossbow           [Unskilled]
   dart               [Unskilled]
   shuriken           [Unskilled]
 Spellcasting Skills
   divination spells  [Unskilled]
   escape spells      [Unskilled]
   matter spells      [Unskilled]

Voluntary challenges:
 Character rerolling was not enabled.
 You never genocided any monsters.
 You never polymorphed an object.
 You never changed form.
 You used no wishes.
Achievements:
 You entered a shop.
 You entered the Gnomish Mines.

 The Dungeons of Doom: levels 1 to 5
    Level 1: "vault"
       Some fountains.
    Level 2:
       An armor shop.
    Level 3: "vault 1132"
    Level 4: "vault 1814"
       A fountain, a grave.
       Stairs down to The Gnomish Mines.
    Level 5:
 The Gnomish Mines: levels 5 to 9
    Level 5:
    Level 9: <- You were here.
       Final resting place for
          you, killed by a crossbow bolt.


Vanquished creatures:
  a coyote
  a hobbit
  a red mold
  a gnome
  3 geckos
  a jackal
  3 foxes
  a kobold
  2 goblins
  4 sewer rats
  a grid bug
  3 lichens
  7 newts
29 creatures vanquished.

No species were genocided or became extinct.

Game over:
                       ----------
                      /          \
                     /    REST    \
                    /      IN      \
                   /     PEACE      \
                  /                  \
                  |      ChoHag      |
                  |      54 Au       |
                  |   killed by a    |
                  |  crossbow bolt   |
                  |                  |
                  |                  |
                  |       2026       |
                 *|     *  *  *      | *
        _________)/\\_//(\/(/\)/\//\/|_)_______

Goodbye ChoHag the Rogue...

You died in The Gnomish Mines on dungeon level 9 with 491 points,
and 54 pieces of gold, after 1889 moves.
You were level 1 with a maximum of 13 hit points when you died.

